cohdb
Replays
Latest Replays
All Replays
Popular Replays
Top Player Replays
Match Explorer
How It Works
Community
CoH3 Stats
Reddit
Sign in to upload your games and track your stats! →
Sign in with Steam
Match 42511274
Unlisted
Match 42511274
Overview
Messages
Build Orders
End
Construct Infanterie Kompanie
Selects Terror Battlegroup
Selects Terror Battlegroup
Selects Machine Gun Camouflage
MG 42 Machine Gun Team
Grenadier Squad
Grenadier Squad
Grenadier Squad
Pioneer Squad
Construct Panzergrenadier Kompanie
251 Medium Carrier
Pak 40 Anti-tank Gun Team
Pioneer Squad
MG 42 Machine Gun Team
Pak 40 Anti-tank Gun Team
MG 42 Machine Gun Team
Selects Defend the Fatherland
Panzergrenadier Squad
Infanterie Officer Quarters
Pioneer Squad
Selects King Tiger Heavy Tank
King Tiger Heavy Tank
Support Elements
Medical Station
Selects Contempt for the Weak
EVILUTION
kapoc849
Insomniac
AxleInCommand
0
0
Comments
sign in to comment!
No comments posted yet!